 Dungeon Sprint DCSS version 0.30-a0-585-g93115170b9 (webtiles) character file.

Game seed: 12368393722303604164

17128 mhtbhm the Severer (level 12, -13/98 (124) HPs)
             Began as a Minotaur Fighter on Jan 2, 2023.
             Was the Champion of Qazlal.
             Killed from afar by Ishetou the pandemonium lord (58 damage)
             ... with a bolt of acid
             ... in the Dungeon (Sprint V: "Ziggurat Sprint").
             The game lasted 00:05:25 (850 turns).

mhtbhm the Severer (Minotaur Fighter)                Turns: 850, Time: 00:05:26

HP:   -13/98 (124)  AC: 25    Str: 38    XL:     12   Next: 16%
MP:   0/17          EV:  2    Int:  8    God:    Qazlal [******]
Gold: 0             SH: 41    Dex: 18    Spells: 11/11 levels left

rFire   + . .      SeeInvis +    v - +2 broad axe (flame)
rCold   + . .      Faith    .    c - +18 shield of the Gong {rElec rN+ Will+ EV-5}
rNeg    + + .      Spirit   +    b - +5 gold dragon scales
rPois   +          Reflect  .    (helmet restricted)
rElec   +          Harm     .    (no cloak)
rCorr   .          Rampage  .    (no gloves)
Will    ++...      NoTele   +    (no boots) Stlth
                                 F - amulet of the Green God {Spirit rN+ Dex+6 SInv}
HPRegen 0.36/turn                x - +6 ring of strength
MPRegen 0.15/turn                s - ring "Los Lih" {Will+ Str+6 Int+3 Dex+2}

@: studying Unarmed Combat, heavily drained, repel missiles
A: horns 2, retaliatory headbutt
a: Renounce Religion, Upheaval, Elemental Force, Disaster Area


You were in the Dungeon.
You worshipped Qazlal.
Qazlal was exalted by your worship.
You visited 1 branch

Inventory:

Hand Weapons
 a - the +16 obsidian axe {drain, Mesm Drain Fly SInv}
   (You found it in the Dungeon)

   A truly terrible weapon, it drains the life of any living foe it strikes.
   It occasionally summons demons to assist the wielder when it strikes in
   combat.
   Its wielder is mesmerised by any visible foes.
   It cannot be unequipped while any foes are visible.
   SInv:      It lets you see invisible.
   Fly:       It grants you flight.
   Drain:     It drains your maximum health when unequipped.
 t - the +5 demon whip "Spellbinder" {antimagic, Will+}
   (You found it in the Dungeon)

   It reduces the magical energy of the wielder, and disrupts the spells and
   magical abilities of those it strikes.
   Natural abilities and divine invocations are not affected.
   It unleashes wild and unpredictable magical effects upon striking a wizard or
   a creature with magical abilities.
   Will:      It increases your willpower.
 v - a +2 broad axe of flaming (weapon)
 I - the +1 broad axe "Mojolirr" {holy, rC+ Str+2 Int-2 SInv}
   (You found it in the Dungeon)

   It has been blessed by the Shining One to cause great damage to the undead
   and demons.
   Str:       It affects your strength (+2).
   Int:       It affects your intelligence (-2).
   rC:        It protects you from cold.
   SInv:      It lets you see invisible.
Armour
 b - +5 gold dragon scales (worn)
 c - the +18 shield of the Gong (worn) {rElec rN+ Will+ EV-5}
   (You found it in the Dungeon)

   It is deafeningly noisy when blocking attacks.
   EV:        It affects your evasion (-5).
   rElec:     It insulates you from electricity.
   rN:        It protects you from negative energy.
   Will:      It increases your willpower.
 y - the +3 cloak "Miwk" {rCorr}
   (You found it in the Dungeon)

   rCorr:     It protects you from acid and corrosion.
Jewellery
 s - the ring "Los Lih" (right hand) {Will+ Str+6 Int+3 Dex+2}
   (You found it in the Dungeon)

   [ring of strength]

   Str:       It affects your strength (+6).
   Int:       It affects your intelligence (+3).
   Dex:       It affects your dexterity (+2).
   Will:      It increases your willpower.
 u - a ring of see invisible
 x - a +6 ring of strength (left hand)
 F - the amulet of the Green God (around neck) {Spirit rN+ Dex+6 SInv}
   (You found it in the Dungeon)

   [amulet of guardian spirit]

   It causes incoming damage to be divided between your reserves of health and
   magic.
   Dex:       It affects your dexterity (+6).
   rN:        It protects you from negative energy.
   SInv:      It lets you see invisible.
 G - an amulet of faith
 H - the amulet of Lady Luck {Faith *Slow rN+ Dex+3 SInv}
   (You found it in the Dungeon)

   [amulet of faith]

   It allows you to gain divine favour quickly.
   Dex:       It affects your dexterity (+3).
   rN:        It protects you from negative energy.
   SInv:      It lets you see invisible.
   *Slow:     It may slow you when you take damage.
Wands
 z - a wand of mindburst (7)
 A - a wand of iceblast (4)
 B - a wand of acid (6)
Scrolls
 j - 4 scrolls of blinking
 o - 4 scrolls of amnesia
 p - 5 scrolls of fog
 q - 5 scrolls of identify
 r - 2 scrolls of fear
 D - 3 scrolls of brand weapon
Potions
 d - 6 potions of might
 e - 9 potions of curing
 f - 4 potions of heal wounds
 g - 6 potions of haste
 h - 6 potions of magic
 i - 2 potions of berserk rage
 k - 2 potions of brilliance
 l - 2 potions of invisibility
 m - 4 potions of resistance
 n - a potion of experience
Miscellaneous
 w - a phantom mirror
 C - a lightning rod (4/4)
 E - a tin of tremorstones (2/2)
 J - a condenser vane (inert)


   Skills:
 + Level 16.8 Fighting
 + Level 20.3 Axes
 + Level 14.8 Armour
 + Level 3.0 Stealth
 + Level 18.8 Shields
 * Level 8.2 Invocations
 + Level 5.9 Evocations


You had 11 spell levels left.
You didn't know any spells.
Your spell library contained the following spells:

 Spells                   Type           Power      Damage    Failure   Level
 Freeze                   Ice            0%         1d3       99%         1
 Kiss of Death            Conj/Necr      0%         2d5       99%         1
 Blink                    Tloc           0%         N/A       100%        2
 Scorch                   Fire           0%         2d5       100%        2
 Confusing Touch          Hex            0%         N/A       100%        3
 Frozen Ramparts          Ice            0%         1d1       100%        3
 Hailstorm                Conj/Ice       0%         3d3       100%        3
 Ignite Poison            Fire/Tmut/Pois 0%         N/A       100%        3
 Kindle Blastsparks       Fire/Tloc/Air  0%         2d10      100%        3
 Lesser Beckoning         Tloc           0%         N/A       100%        3
 Ozocubu's Armour         Ice            0%         N/A       100%        3
 Tukima's Dance           Hex            0%         N/A       100%        3
 Anguish                  Hex/Necr       0%         N/A       100%        4
 Animate Dead             Necr           0%         N/A       100%        4
 Dispel Undead            Necr           0%         3d6       100%        4
 Manifold Assault         Tloc           0%         N/A       100%        4
 Sticky Flame             Conj/Fire      0%         2d3       100%        4
 Summon Ice Beast         Ice/Summ       0%         N/A       100%        4
 Borgnjor's Vile Clutch   Necr/Erth      0%         N/A       100%        5
 Fireball                 Conj/Fire      0%         3d3       100%        5
 Freezing Cloud           Conj/Ice/Air   0%         6-21      100%        5
 Iskenderun's Battlesphe  Conj           0%         2d6       100%        5
 Metabolic Englaciation   Hex/Ice        0%         N/A       100%        5
 Silence                  Hex/Air        0%         N/A       100%        5
 Summon Forest            Summ/Tloc      0%         N/A       100%        5
 Summon Mana Viper        Hex/Summ       0%         N/A       100%        5
 Yara's Violent Unravell  Hex/Tmut       0%         3d3       100%        5
 Conjure Ball Lightning   Conj/Air       0%         3x3d6     100%        6
 Death Channel            Necr           0%         N/A       100%        6
 Eringya's Noxious Bog    Tmut/Pois      0%         N/A       100%        6
 Enfeeble                 Hex            0%         N/A       100%        7
 Orb of Destruction       Conj           0%         9d5       100%        7
 Ozocubu's Refrigeration  Ice            0%         4d7       100%        7
 Spellforged Servitor     Conj/Summ      0%         N/A       100%        7
 Storm Form               Tmut/Air       0%         N/A       100%        7
 Summon Hydra             Summ           0%         N/A       100%        7
 Chain Lightning          Conj/Air       0%         N/A       100%        9
 Fire Storm               Conj/Fire      0%         5d1       100%        9


Dungeon Overview and Level Annotations

Branches:
Dungeon (1/1)

Altars:
Ashenzari
Cheibriados
Dithmenos
Elyvilon
Fedhas
Gozag
Hepliaklqana
Kikubaaqudgha
Makhleb
Nemelex Xobeh
Okawaru
Qazlal
Ru
Sif Muna
Trog
Uskayaw
Vehumet
Wu Jian
Xom
Yredelemnul
Zin
The Shining One
Jiyva
Lugonu


Innate Abilities, Weirdness & Mutations

You have a pair of horns on your head.
You reflexively headbutt those who attack you in melee.


Message History

Activating: Disaster Area (11% risk of failure)
Press: ? - help, Dir - look around, f - activate You fail to use your ability.
The Executioner gestures.
The Executioner seems to speed up.
San Jargheu gestures.
San Jargheu blinks!
Unknown command.
Unknown command.
Unknown command.
Unknown command.
Activating: Disaster Area (11% risk of failure)
Press: ? - help, Dir - look around, f - activate You fail to use your ability.
The Brimstone Fiend gestures at you.
The sphere of damnation explodes!
The damnation engulfs you!!
* * * LOW HITPOINT WARNING * * *
Asokis conjures an orb of pure magic.
An orb of destruction comes into view.
Unknown command.
Unknown command.
Unknown command.
Unknown command.
You don't have enough magic at the moment.
Unknown command.
You feel much better. You block the Executioner's attack.
SHROANNG!
You block the Executioner's attack.
GONNNNG!
You block the Executioner's attack.
GONNNNG!
The Executioner hits you.
The Executioner hits you but does no damage.
You block the Executioner's attack.
PTOANNNG!
The sixfirhy is engulfed in noxious fumes. x2
Ishetou gestures at you. The bolt of acid hits you!!!
Ouch! That really hurt!
You die...

▓▓▓▓▓▓▓▓▓▓▓
▓...[[:|)...▓...8©8...▓
▓..§§3§§§...▓...))....▓
▓..§§424§...▓...).....▓
▓...13.4&...▓.........▓
▓...&.1*....▓.........▓
▓....○......▓...†.....▓
▓..▓○.1☼.▓☼○▓.........▓
▓.....@°&°°.▓.▓.....▓.▓
▓...°.○§§.☼☼▓....©....▓
▓▓▓▓▓▓▓▓▓▓▓▓▓▓▓▓▓▓▓▓▓▓▓
▓...8©8...▓...8©8...▓..
▓..}}|.)|.▓..)......▓..
▓.....|)..▓..|}[.|..▓..
▓.........▓.........▓..
▓.........▓.........▓..
▓.........▓.........▓..


You could see Asokis, Ishetou, San Jargheu (clouds), a Tzitzimitl, a Brimstone
Fiend, a green death, an Executioner (fast), a sun demon, 2 ice devils, a rust
devil and a sixfirhy.

Vanquished Creatures
  A deep elf master archer (D)
  A rockslime (D)
  An azure jelly (D)
  A white draconian (D)
  2 merfolk javelineers (D)
  A great orb of eyes (D)
  2 yaktaur captains (D)
  3 centaur warriors (D)
  A glowing orange brain (D)
  2 deep elf archers (D)
  A deep elf zephyrmancer (D)
  2 deep elf pyromancers (D)
  5 draconians (D)
  A cyclops (D)
  An eye of devastation (D)
  2 yaktaurs (D)
  3 slime creatures (D)
  2 yaks (D)
  2 water elementals (D)
  3 golden eyes (D)
  A floating eye (D)
  A water moccasin (D)
  3 ogres (D)
  3 phantoms (D)
  2 necrophages (D)
  2 jellies (D)
  An iguana (D)
  An adder skeleton (D)
  3 bat zombies (D)
  2 endoplasms (D)
  4 jackals (D)
  3 ball pythons (D)
  A ball python skeleton (D)
  2 ball python zombies (D)
  A giant cockroach zombie (D)
  A jackal skeleton (D)
  A quokka zombie (D)
69 creatures vanquished.

Vanquished Creatures (collateral kills)
  2 water moccasins (D)
  An adder (D)
  2 ball pythons (D)
5 creatures vanquished.

Grand Total: 74 creatures vanquished

Notes
Turn   | Place    | Note
-------+----------+-------------------------------------------
     0 | D        | mhtbhm the Minotaur Fighter began the quest for the Orb.
     0 | D        | Reached XP level 1. HP: 19/19 MP: 0/0
     0 | D        | Found a shimmering blue altar of Sif Muna.
     0 | D        | Found a bloodstained altar of Trog.
     0 | D        | Found a sacrificial altar of Ru.
     0 | D        | Found a stormy altar of Qazlal.
     0 | D        | Found an iron altar of Okawaru.
    21 | D        | Found a sparkling altar of Nemelex Xobeh.
    21 | D        | Found a blossoming altar of Fedhas.
    21 | D        | Found the +6 Majin-Bo {vamp, MP+6 Int+6}
    21 | D        | Found the +27 heavy crossbow "Sniper" {heavy, Acc+∞ SInv}
    21 | D        | Found the +10 dark maul {heavy}
    21 | D        | Found the +15 Maxwell's patent armour {-Cast -Tele rElec
                  | Will+ rCorr}
    21 | D        | Found the +18 shield of the Gong {rElec rN+ Will+ EV-5}
    21 | D        | Found the +16 obsidian axe {drain, Mesm Drain Fly SInv}
    21 | D        | Found the +7 great mace "Firestarter" {inner flame, rF++}
    21 | D        | Found the +6 shillelagh "Devastator" {shatter}
    21 | D        | Found the +11 plutonium sword {Contam Stlth-}
    21 | D        | Found the +8 lance "Wyrmbane" {slay drac, rPois rF+ rC+
                  | AC+3}
    21 | D        | Found the +9 sword of Zonguldrok {reap}
    21 | D        | Found the +13 scythe of Curses {drain, Drain}
    21 | D        | Found the +9 sword of Power
    21 | D        | Found the +7 mace of Variability {chain chaos}
    21 | D        | Found the +11 Singing Sword {sonic wave}
    21 | D        | Found the +8 storm bow {elec, penet}
    23 | D        | Found a transporter.
    23 | D        | Found an ancient bone altar of Kikubaaqudgha.
    23 | D        | Found a viscous altar of Jiyva.
    23 | D        | Found a corrupted altar of Lugonu.
    23 | D        | Found a hazy altar of Hepliaklqana.
    23 | D        | Found a burning altar of Makhleb.
    23 | D        | Found an opulent altar of Gozag.
    89 | D        | Became a worshipper of Qazlal Stormbringer
   102 | D        | Entered arena 2.
   102 | D        | Found a transporter.
   114 | D        | Entered arena 3.
   114 | D        | Noticed an iguana
   114 | D        | Noticed a yak
   114 | D        | Found a transporter.
   115 | D        | Reached * piety under Qazlal
   116 | D        | Killed an iguana
   117 | D        | Reached skill level 5 in Fighting
   117 | D        | Reached skill level 3 in Axes
   117 | D        | Reached skill level 5 in Armour
   117 | D        | Reached skill level 5 in Shields
   117 | D        | Reached XP level 2. HP: 29/29 MP: 1/1
   119 | D        | Killed a yak
   120 | D        | Reached skill level 5 in Axes
   120 | D        | Reached XP level 3. HP: 25/40 MP: 2/2
   120 | D        | Reached XP level 4. HP: 30/48 MP: 3/3
   120 | D        | Reached XP level 5. HP: 33/53 MP: 4/4
   125 | D        | Got the Almanac of Unfortunate Leadership
   193 | D        | Entered arena 4.
   193 | D        | Found the +5 demon whip "Spellbinder" {antimagic, Will+}
   193 | D        | Noticed a yak
   193 | D        | Found a transporter.
   195 | D        | Reached ** piety under Qazlal
   197 | D        | Killed a yak
   198 | D        | Reached skill level 6 in Axes
   198 | D        | Reached XP level 6. HP: 62/62 MP: 5/5
   201 | D        | Got the Exposition on Curses and Transportation
   203 | D        | Got the ring "Los Lih" {Will+ Str+6 Int+3 Dex+2}
   212 | D        | Entered arena 5.
   212 | D        | Noticed a cyclops
   212 | D        | Found a transporter.
   216 | D        | Reached *** piety under Qazlal
   217 | D        | Reached skill level 7 in Axes
   217 | D        | Reached skill level 1 in Evocations
   218 | D        | Reached skill level 10 in Fighting
   218 | D        | Reached skill level 8 in Axes
   218 | D        | Reached skill level 10 in Armour
   218 | D        | Reached skill level 10 in Shields
   218 | D        | Reached XP level 7. HP: 72/72 MP: 6/6
   219 | D        | Killed a cyclops
   219 | D        | Reached **** piety under Qazlal
   220 | D        | Reached skill level 9 in Axes
   239 | D        | Entered arena 6.
   239 | D        | Found a transporter.
   244 | D        | Reached XP level 8. HP: 82/82 MP: 7/7
   245 | D        | Reached ***** piety under Qazlal
   264 | D        | Entered arena 7.
   264 | D        | Noticed a white draconian
   264 | D        | Noticed a draconian
   264 | D        | Noticed a draconian
   264 | D        | Noticed a draconian
   264 | D        | Noticed a draconian
   264 | D        | Noticed a draconian
   265 | D        | Found a transporter.
   270 | D        | Killed a draconian
   271 | D        | Reached skill level 10 in Axes
   272 | D        | Killed a draconian
   273 | D        | Reached skill level 11 in Axes
   273 | D        | Killed a draconian
   274 | D        | Reached skill level 12 in Axes
   274 | D        | Reached XP level 9. HP: 70/92 MP: 8/8
   274 | D        | Killed a draconian
   274 | D        | Killed a draconian
   275 | D        | Reached skill level 14 in Axes
   275 | D        | Killed a white draconian
   276 | D        | Reached skill level 15 in Axes
   290 | D        | Got the Guide on Enthralling Incineration
   338 | D        | Entered arena 8.
   339 | D        | Reached ****** piety under Qazlal
   340 | D        | Reached XP level 10. HP: 102/102 MP: 9/9
   341 | D        | Found a transporter.
   360 | D        | Entered arena 9.
   360 | D        | Noticed a deep elf zephyrmancer
   360 | D        | Noticed a deep elf pyromancer
   360 | D        | Noticed a deep elf pyromancer
   360 | D        | Noticed a deep elf archer
   360 | D        | Noticed a deep elf archer
   363 | D        | Found a transporter.
   365 | D        | Reached skill level 16 in Axes
   369 | D        | Killed a deep elf zephyrmancer
   370 | D        | Killed a deep elf pyromancer
   371 | D        | Reached skill level 17 in Axes
   371 | D        | Reached skill level 5 in Evocations
   371 | D        | Killed a deep elf pyromancer
   377 | D        | Killed a deep elf archer
   388 | D        | Killed a deep elf archer
   389 | D        | Reached skill level 15 in Fighting
   389 | D        | Reached skill level 18 in Axes
   467 | D        | Entered arena 10.
   468 | D        | Found a transporter.
   482 | D        | Got the +3 cloak "Miwk" {rCorr}
   500 | D        | Entered arena 11.
   501 | D        | Found a transporter.
   505 | D        | Reached skill level 1 in Invocations
   510 | D        | Got the amulet of the Green God {Spirit rN+ Dex+6 SInv}
   514 | D        | Got the Precepts of Scorched Bad Luck
   518 | D        | Got the Directory of the Chill and Haze
   528 | D        | Entered arena 12.
   528 | D        | Noticed a merfolk javelineer
   528 | D        | Noticed a centaur warrior
   528 | D        | Noticed a centaur warrior
   533 | D        | Identified the +8 battleaxe "Moje" {speed, rPois Dex+4
                  | SInv}
   533 | D        | Noticed a merfolk javelineer
   534 | D        | Identified the +8 short sword of Twilight {freeze, Drain
                  | rC+ Dex+4}
   534 | D        | Noticed a centaur warrior
   535 | D        | Noticed a deep elf master archer
   535 | D        | Noticed a yaktaur captain
   536 | D        | Killed a centaur warrior
   537 | D        | Reached skill level 15 in Shields
   537 | D        | Reached XP level 11. HP: 56/112 MP: 2/12
   537 | D        | Noticed a yaktaur captain
   544 | D        | Killed a deep elf master archer
   545 | D        | Reached skill level 19 in Axes
   545 | D        | Killed a yaktaur captain
   545 | D        | Killed a centaur warrior
   546 | D        | Reached skill level 1 in Stealth
   546 | D        | Reached skill level 5 in Invocations
   546 | D        | Killed a merfolk javelineer
   547 | D        | Found a transporter.
   549 | D        | Killed a merfolk javelineer
   551 | D        | Killed a centaur warrior
   552 | D        | Noticed a sun demon
   553 | D        | Killed a yaktaur captain
   780 | D        | Entered arena 13.
   780 | D        | Noticed an azure jelly
   780 | D        | Noticed a rockslime
   780 | D        | Noticed a great orb of eyes
   782 | D        | Paralysed by a floating eye for 3 turns
   783 | D        | Noticed a glowing orange brain
   789 | D        | Killed an azure jelly
   790 | D        | Reached skill level 20 in Axes
   791 | D        | Killed a glowing orange brain
   792 | D        | Killed a rockslime
   792 | D        | Killed a great orb of eyes
   793 | D        | Reached XP level 12. HP: 124/124 MP: 9/17
   804 | D        | Found a transporter.
   812 | D        | Got the amulet of Lady Luck {Faith *Slow rN+ Dex+3 SInv}
   818 | D        | Got the +1 broad axe "Mojolirr" {holy, rC+ Str+2 Int-2
                  | SInv}
   845 | D        | Entered arena 14.
   845 | D        | Noticed a Tzitzimitl
   845 | D        | Noticed a Brimstone Fiend
   845 | D        | Noticed San Jargheu the pandemonium lord
   846 | D        | Noticed Ishetou the pandemonium lord
   846 | D        | Noticed Asokis the pandemonium lord
   847 | D        | Noticed an Executioner
   847 | D        | Noticed a green death
   850 | D        | Killed from afar by Ishetou the pandemonium lord

Illustrated notes

Levels and vault maps discovered:
D:        sprint_v [room_start, room_1, room_2, room_3, room_4, room_5, room_6,
          room_7, room_8, room_9, room_10, room_11, room_12, room_13, room_14,
          room_15, room_16, room_17, room_18, room_19, room_20, room_21,
          room_22, room_23, room_24, room_25, room_26, room_27]

Skill      XL: |  1  2  3  4  5  6  7  8  9 10 11 12 |
---------------+-------------------------------------+-----
Fighting       | 5 7 8 10 11 12 13 15 16 | 16.8
Armour         | 5 7 9 10 11 12 13 14 | 14.8
Shields        | 5 7 9 10 11 12 13 15 18 | 18.8
Axes           | 3 5 6 8 9 12 15 18 20 | 20.3
Evocations     | 1 2 3 4 5 |  5.9
Invocations    | 2 8 |  8.2
Stealth        | 2 3 |  3.0

Action                   |  1- 3 |  4- 6 |  7- 9 | 10-12 || total
-------------------------+-------+-------+-------+-------++-------
Melee: Broad axe         |     4 |     3 |    15 |    43 ||    65
       Headbutt          |     1 |     1 |     2 |     9 ||    13
Invok: Elemental Force   |       |       |       |     1 ||     1
Evoke: Lightning rod     |     2 |     3 |       |     1 ||     6
       Wand              |       |     2 |     1 |     1 ||     4
       Phantom mirror    |       |       |       |     1 ||     1
       Tin of tremorston |       |       |       |     2 ||     2
       Condenser vane    |       |       |       |     1 ||     1
  Use: Scroll            |       |       |       |     2 ||     2
       Potion            |       |       |       |     9 ||     9
 Stab: Paralysed         |       |       |       |     2 ||     2
       Distracted        |       |       |       |     1 ||     1
Armor: Gold dragon scale |     1 |     2 |     8 |    34 ||    45
Dodge: Dodged            |       |       |     1 |     2 ||     3
Block: Kite shield       |     3 |     3 |    21 |   119 ||   146

Table legend: (Time is in decaauts)
 A = Elapsed time spent in this place.
 B = Non-inter-level travel time spent in this place.
 C = Inter-level travel time spent in this place.
 D = Time resting spent in this place.
 E = Time spent auto-exploring this place.
 F = Levels seen in this place.
 G = Mean time per level.
                   A        B        C        D        E       F      G
               +--------+--------+--------+--------+--------+-----+--------+
         Total |    856 |    856 |      0 |    368 |      0 |   1 |  856.0 |
       Dungeon |    856 |    856 |      0 |    368 |      0 |   1 |  856.0 |
               +--------+--------+--------+--------+--------+-----+--------+

Top non-repeatable levels by time:
       D: 856 daAuts
